 Dungeon Crawl Stone Soup version 0.23.2-1-ga50397a (webtiles) character file.

Game seed: 2905666422142080675

92 troglodite the Purveyor of Pain (level 4, 0/31 HPs)
             Began as a Demonspawn Necromancer on May 27, 2019.
             Was an Initiate of Kikubaaqudgha.
             Slain by an orc
             ... wielding a +0 trident
              (4 damage)
             ... on level 3 of the Dungeon.
             The game lasted 00:15:21 (2580 turns).

troglodite the Purveyor of Pain (DsNe)              Turns: 2580, Time: 00:15:24

Health: 0/31       AC:  2    Str:  7 (8)  XL:     4   Next: 35%
Magic:  5/8        EV: 12    Int: 16      God:    Kikubaaqudgha [......]
Gold:   70         SH:  0    Dex: 15      Spells: 2/9 levels left

rFire    + . .     SeeInvis .   j - +0 dagger
rCold    x . .     Gourm    .   (no shield)
rNeg     . . .     Faith    .   a - +0 robe
rPois    .         Spirit   .   (no helmet)
rElec    .         Reflect  .   (no cloak)
rCorr    .         Harm     .   (no gloves)
MR       .....                  (no boots)
Stlth    ++........             (no amulet)
HPRegen  0.10/turn              h - ring of fire
MPRegen  0.11/turn              (no ring)

@: no status effects
A: hooves 1, powered by death 1, powered by pain 1
a: Renounce Religion


You were on level 3 of the Dungeon.
You worshipped Kikubaaqudgha.
Kikubaaqudgha was noncommittal.
You were hungry.

You visited 1 branch of the dungeon, and saw 3 of its levels.

You collected 70 gold pieces.

Inventory:

Hand Weapons
 j - a +0 dagger (weapon)
Missiles
 i - 24 stones (quivered)
Armour
 a - a +0 robe (worn)
Jewellery
 h - a ring of fire (left hand)
Scrolls
 d - a scroll of remove curse {unknown}
 f - a scroll of immolation {unknown}
 g - a scroll of fear {unknown}
 k - a scroll of fog {unknown}
Potions
 e - a potion of lignification {unknown}
Comestibles
 b - a chunk of flesh
 c - a ration


   Skills:
 * Level 0.5 Fighting
 * Level 1.9 Dodging
 * Level 2.2 Stealth
 * Level 3.0 Spellcasting
 * Level 0.1 Charms
 * Level 5.3 Necromancy


You had 2 spell levels left.
You knew the following spells:

 Your Spells              Type           Power        Failure   Level  Hunger
a - Pain                  Necr           ###.         1%          1    #......
b - Vampiric Draining     Necr           ###.......   6%          3    ###....
c - Regeneration          Chrm/Necr      ##........   19%         3    ###....

Your spell library contained the following spells:

 Spells                   Type           Power        Failure   Level  Hunger
 Animate Skeleton         Necr           N/A          1%          1    #......
 Animate Dead             Necr           N/A          21%         4    #####..


Dungeon Overview and Level Annotations

Branches:
Dungeon (3/15)

Altars:
Kikubaaqudgha

Annotations:
D:2 Sigmund
D:3 2 transporters, cab's ghost, novice GrEE


Innate Abilities, Weirdness & Mutations

You have large cloven feet.
You regenerate a little health from kills.
You sometimes gain a little power by taking damage.


Message History

Confirm with . or Enter, or press ? or * to list all spells.
You can't see any susceptible monsters within range! (Use Z to cast anyway.)
Something hits you.
A puff of flame appears from out of thin air!
The puff of flame hits you. You resist.
* * * LOW HITPOINT WARNING * * *
Something tries to affect you, but you resist.
Sigmund appears from thin air!
Reactivating autopickup.
Sigmund points at you and mumbles some strange words.
The puff of flame hits you. You resist.
* * * LOW HITPOINT WARNING * * *
There is a stone staircase leading down here.
Sigmund gestures at you while chanting. You resist with some effort.
You climb downwards.
Level annotation: 2 transporters, cab's ghost, novice GrEE The orc hits you from afar with a +0 trident.
You die...
Kikubaaqudgha rasps: "You have failed me!
Welcome... death!"

####+###############
#...................
#.##.#######.#######
#@..[......#......
#.#######..#..##..
.##.#o...####..#.#..#
........o...>#..#.#..#.
##.#.####..#.#.©#..##..
... #........#W....©
##..#####...(.©#$.##..
#............(#O#..#.
##.#####oo....#O#..#


You could see 2 orcs.

Vanquished Creatures
  A howler monkey (D:2)
  A shadow imp (D:3)
  2 oozes
  A worm (D:2)
  A dart slug (D:1)
  A leopard gecko (D:1)
  An orc (D:3)
  2 giant cockroaches
  3 hobgoblins
  A quokka (D:2)
  6 bats
  A frilled lizard (D:1)
  3 goblins
  8 kobolds
  5 rats (D:2)
37 creatures vanquished.

Notes
Turn   | Place    | Note
-------+----------+-------------------------------------------
     0 | D:1      | troglodite the Demonspawn Necromancer began the quest for
                  | the Orb.
     0 | D:1      | Reached XP level 1. HP: 13/13 MP: 3/3
   723 | D:1      | Gained mutation: You regenerate a little health from kills.
                  | [demonic ancestry]
   723 | D:1      | Reached XP level 2. HP: 15/19 MP: 0/5
  1500 | D:2      | Noticed a howler monkey
  1507 | D:2      | Noticed Sigmund
  1507 | D:2      | Killed a howler monkey
  1507 | D:2      | Reached skill level 5 in Necromancy
  1507 | D:2      | Gained mutation: You have large cloven feet. [demonic
                  | ancestry]
  1507 | D:2      | Reached XP level 3. HP: 22/25 MP: 0/7
  1682 | D:1      | Learned a level 3 spell: Vampiric Draining
  1686 | D:1      | Learned a level 3 spell: Regeneration
  1745 | D:2      | Found an ancient bone altar of Kikubaaqudgha.
  1766 | D:2      | Became a worshipper of Kikubaaqudgha
  1806 | D:2      | Gained mutation: You sometimes gain a little power by
                  | taking damage. [demonic ancestry]
  1806 | D:2      | Reached XP level 4. HP: 22/31 MP: 0/8
  2274 | D:3      | Noticed an ogre
  2274 | D:3      | Noticed cab's ghost (novice GrEE)
  2275 | D:3      | Found a transporter.
  2276 | D:3      | Noticed an ogre
  2306 | D:3      | Found a transporter.
  2580 | D:3      | Slain by an orc

Skill      XL: |  1  2  3  4 |
---------------+-------------+-----
Stealth        | 2 |  2.2
Necromancy     | 5 |  5.3
Spellcasting   | 3 |  3.0
Fighting       | |  0.5
Dodging        | |  1.9
Charms         | |  0.1

Action                   |  1- 3 |  4- 6 || total
-------------------------+-------+-------++-------
Melee: Unarmed           |    13 |       ||    13
       Dagger            |    10 |    55 ||    65
       Kick              |     3 |     7 ||    10
 Cast: Pain              |    50 |    11 ||    61
       Vampiric Draining |       |     4 ||     4
       Regeneration      |       |     1 ||     1
  Use: Potion            |     2 |       ||     2
  Eat: Chunk             |     1 |     1 ||     2
       Ration            |     1 |       ||     1
Armor: Robe              |    14 |    11 ||    25
Dodge: Dodged            |    32 |    41 ||    73
